 Dungeon Crawl Stone Soup version 0.30-a0-462-gd5975efbca (webtiles) character file.

Game seed: 12113068631331339931

19449 zishaf the Stormcaller (level 12, -7/73 (76) HPs)
             Began as a Tengu Air Elementalist on Dec 16, 2022.
             Was a High Priest of Ru.
             Mangled by a death yak (21 damage)
             ... on level 11 of the Dungeon.
             The game lasted 00:32:09 (23038 turns).

zishaf the Stormcaller (Tengu Air Elementalist)    Turns: 23038, Time: 00:32:09

HP:   -7/73 (76)    AC: 12    Str:  9    XL:     12   Next: 69%
MP:   9/20          EV: 12    Int: 24    God:    Ru [*****.]
Gold: 593           SH:  5    Dex: 15    Spells: 13/20 levels left

rFire   . . .      SeeInvis .    D - +4 short sword
rCold   . . .      Faith    .    G - +0 buckler
rNeg    . . .      Spirit   .    w - +3 ring mail
rPois   .          Reflect  .    (helmet restricted)
rElec   .          Harm     .    l - +1 cloak
rCorr   +          Rampage  .    L - +1 pair of gloves of Voyteun {Int+4 Stlth+}
Will    +....                    (boots unavailable)
Stlth   ++........               (no amulet)
HPRegen 0.32/turn                t - ring of willpower
MPRegen 0.17/turn                g - ring of resist corrosion

@: flying quickly and evasively, lightly drained, quick
A: beak, talons 3, inability to use devices, inability to train armour,
unskilled 1, nimble flight
a: Renounce Religion, Draw Out Power, Power Leap, Apocalypse


You were on level 11 of the Dungeon.
You worshipped Ru.
Ru was extremely pleased with you.
You visited 3 branches of the dungeon, and saw 15 of its levels.

You collected 773 gold pieces.
You spent 180 gold pieces at shops.

Inventory:

Hand Weapons
 o - a +0 dagger
 u - a +3 dagger of flaming
 D - a +4 short sword (weapon)
Missiles
 y - 2 throwing nets
Armour
 a - a +0 robe
 l - a +1 cloak (worn)
 w - a +3 ring mail (worn)
 F - +0 steam dragon scales
 G - a +0 buckler (worn)
 I - the +6 scale mail "Waemm" {rF+ rC- Str+2}
   (You found it on level 10 of the Dungeon)

   Str:       It affects your strength (+2).
   rF:        It protects you from fire.
   rC:        It makes you vulnerable to cold.
 L - the +1 pair of gloves of Voyteun (worn) {Int+4 Stlth+}
   (You found it on level 12 of the Dungeon)

   Int:       It affects your intelligence (+4).
   Stlth:     It makes you more stealthy.
Jewellery
 g - a ring of resist corrosion (right hand)
 t - a ring of willpower (left hand)
 z - a ring of positive energy
 K - an amulet of guardian spirit
 N - a ring of see invisible
Scrolls
 c - 5 scrolls of enchant weapon
 d - 3 scrolls of amnesia
 e - 3 scrolls of identify
 f - 2 scrolls of magic mapping
 h - a scroll of torment
 i - 2 scrolls of enchant armour
 j - 3 scrolls of fear
 n - a scroll of fog
 v - 7 scrolls of teleportation
 A - 3 scrolls of poison
 E - a scroll of blinking
 H - a scroll of summoning
 M - a scroll of brand weapon
 O - a scroll of immolation
Potions
 b - 3 potions of magic
 k - a potion of cancellation
 m - a potion of attraction
 p - 3 potions of resistance
 q - 3 potions of lignification
 r - 2 potions of haste
 s - a potion of ambrosia
 x - 4 potions of brilliance
 B - a potion of mutation
 C - 4 potions of heal wounds
 J - a potion of might
 P - a potion of curing
 Q - 2 potions of experience {unknown}


   Skills:
 + Level 9.5 Fighting
 - Level 2.0 Dodging
 - Level 1.7 Stealth
 + Level 4.8 Shields
 + Level 4.7 Spellcasting
 - Level 10.1 Conjurations
 * Level 16.7 Air Magic


You had 13 spell levels left.
You knew the following spells:

 Your Spells              Type           Power      Damage    Failure   Level
a - Shock                 Conj/Air       100%       1d9       1%          1
b - Airstrike             Air            36%        2d(6-22)  1%          4
A - Static Discharge      Conj/Air       100%       2-7/arc   1%          2

Your spell library contained the following spells:

 Spells                   Type           Power      Damage    Failure   Level
 Swiftness                Air            72%        N/A       1%          3
 Kindle Blastsparks       Fire/Tloc/Air  64%        2d15      10%         3
 Freezing Cloud           Conj/Ice/Air   24%        6-21      24%         5
 Slow                     Hex            20%        N/A       32%         1
 Summon Small Mammal      Summ           20%        N/A       32%         1
 Call Canine Familiar     Summ           5%         N/A       69%         3
 Confusing Touch          Hex            5%         N/A       69%         3
 Ignite Poison            Fire/Tmut/Pois 5%         N/A       69%         3
 Inner Flame              Hex/Fire       5%         N/A       69%         3
 Portal Projectile        Hex/Tloc       10%        N/A       69%         3
 Summon Guardian Golem    Hex/Summ       5%         N/A       69%         3
 Tukima's Dance           Hex            5%         N/A       69%         3
 Vampiric Draining        Necr           5%         2d6       69%         3
 Cause Fear               Hex            2%         N/A       97%         4
 Leda's Liquefaction      Hex/Erth       2%         N/A       97%         4
 Passage of Golubria      Tloc           5%         N/A       97%         4
 Blade Hands              Tmut           2%         N/A       100%        5
 Lee's Rapid Deconstruct  Erth           2%         3d5*      100%        5
 Yara's Violent Unravell  Hex/Tmut       2%         3d3       100%        5
 Statue Form              Tmut/Erth      3%         N/A       100%        6
 Discord                  Hex            2%         N/A       100%        8


Dungeon Overview and Level Annotations

Branches:
Dungeon (13/15)            Temple (1/1) D:5            Lair (1/5) D:11
    Orc (0/2) D:9
 Vaults: D:13-14

Altars:
Ashenzari
Cheibriados
Dithmenos
Elyvilon
Fedhas
Gozag
Hepliaklqana
Kikubaaqudgha
Makhleb
Nemelex Xobeh
Okawaru
Qazlal
Ru
Sif Muna
Trog
Uskayaw
Vehumet
Wu Jian
Xom
Yredelemnul
Zin
The Shining One

Shops:
D:8 ?*   D:9 *   D:11 ![[*


Innate Abilities, Weirdness & Mutations

You have a beak for a mouth.
You have claws for feet.
You cannot study or use magical devices.
You cannot train Armour skill.
You are somewhat unskilled. (-1 Apt)
Your magical nature lets you fly swiftly and evasively.


Message History

Casting: Static Discharge (safe; 1% risk of failure)
Confirm with . or Enter, or press ? or * to list all spells.
The death yak is struck by an arc of lightning.
The death yak is moderately wounded.
You are struck by an arc of lightning.
The death yak is struck by an arc of lightning.
The death yak is moderately wounded.
You are struck by an arc of lightning.
The lightning grounds out.
You block the death yak's attack.
Casting: Static Discharge (safe; 1% risk of failure)
Confirm with . or Enter, or press ? or * to list all spells.
The death yak is struck by an arc of lightning.
The death yak is heavily wounded.
You are struck by an arc of lightning.
The death yak is struck by an arc of lightning!
The death yak is heavily wounded.
You are struck by an arc of lightning.
The death yak is struck by an arc of lightning.
The death yak is severely wounded.
The lightning grounds out.
The death yak gores you but does no damage.
Casting: Static Discharge (safe; 1% risk of failure)
Confirm with . or Enter, or press ? or * to list all spells.
The death yak is struck by an arc of lightning.
The death yak is severely wounded.
You are struck by an arc of lightning.
The lightning grounds out.
The death yak gores you!
* * * LOW HITPOINT WARNING * * *
Casting: Static Discharge (safe; 1% risk of failure)
Confirm with . or Enter, or press ? or * to list all spells.
The death yak is struck by an arc of lightning.
The death yak is severely wounded.
You are struck by an arc of lightning.
* * * LOW HITPOINT WARNING * * *
The death yak is struck by an arc of lightning.
The death yak is severely wounded.
You are struck by an arc of lightning.
* * * LOW HITPOINT WARNING * * *
The lightning grounds out.
The death yak gores you!!
You die...

.............######.............#
.............#....#.............#
.########....#....###############
.#......#....#....#,,,,,,,,,,,,,*
.#......#....#....#,,,,,,,,,,,,,*
.#......#.........#,,,,.,,,,,,,,*
.#......#..>......#,,^..,,,,,,,,*
.#..###############...#***,,*****
....#...........@YY...#,,,,,,,*,,
....#.................#,,,,,,,*,,
.####.................#,,,,,,,*,,
.#..#...######....#####,,******,,
.#..#.......#......#,,Y,,,*,,,,,,
.#..#.......#......#,,,,,,*,,,,,,
.#..........#......#,Y,,,,*,,,,,,
.#..........#......#,,,,,,*,,,,,,
##..#########*######,*********,,,


You could see 2 death yaks.

Vanquished Creatures
  Josephine (D:10)
  A boulder beetle (D:10)
  Erica (D:10)
  A centaur warrior (D:13)
  A death yak (D:10)
  A two-headed ogre (D:12)
  A deep elf pyromancer (D:13)
  An ugly thing (D:12)
  A manticore (D:12)
  3 black mambas (Lair:1)
  A gargoyle (D:11)
  2 cane toads (Lair:1)
  3 kobold demonologists (D:12)
  3 trolls
  2 hornets
  Prince Ribbit (D:6)
  A vampire (D:11)
  Sigmund (D:4)
  2 shadows
  4 wraiths
  12 yaks
  Grum (D:9)
  2 steam dragons
  8 vampire mosquitoes
  An acid dragon (D:12)
  A water moccasin (Lair:1)
  6 orc warriors
  An ice beast (D:7)
  2 black bears
  7 ogres
  6 wolves
  17 centaurs
  2 phantoms
  5 bullfrogs
  8 kobold brigands
  A necrophage (D:6)
  Blork the orc (D:4)
  4 gnoll sergeants
  5 wights
  6 killer bees
  3 howler monkeys (D:11)
  2 hounds (D:7)
  6 orc priests
  A jelly (D:5)
  Crazy Yiuf (D:4)
  2 hell rats (D:11)
  3 iguanas
  13 orc wizards
  Robin (D:3)
  12 adders
  9 gnolls
  A shadow imp (D:7)
  A white imp (D:6)
  2 ufetubi
  An adder skeleton (D:3)
  An adder zombie (D:3)
  A dart slug (D:5)
  46 orcs
  A bat (D:2)
  4 endoplasms
  4 giant cockroaches
  17 goblins
  9 hobgoblins
  4 quokkas
  7 ball pythons
  A ball python skeleton (D:3)
  3 frilled lizards
  A giant cockroach zombie (D:3)
  16 kobolds
  3 rats
304 creatures vanquished.

Vanquished Creatures (others)
  A centaur (D:12)
  A bullfrog (Lair:1)
  A gnoll (D:10)
  A butterfly (D:5)
  A fungus (Lair:1)
  4 plants (Lair:1)
  8 withered plants (D:3)
17 creatures vanquished.

Grand Total: 321 creatures vanquished

Notes
Turn   | Place    | Note
-------+----------+-------------------------------------------
     0 | D:1      | zishaf the Tengu Air Elementalist began the quest for the
                  | Orb.
     0 | D:1      | Reached XP level 1. HP: 10/10 MP: 4/4
   311 | D:1      | Reached XP level 2. HP: 16/16 MP: 3/6
   942 | D:1      | Reached skill level 1 in Fighting
  1579 | D:2      | Reached XP level 3. HP: 20/20 MP: 3/7
  1630 | D:2      | Learned a level 2 spell: Static Discharge
  2531 | D:3      | Reached XP level 4. HP: 19/26 MP: 0/8
  2643 | D:3      | Reached skill level 5 in Air Magic
  2735 | D:3      | Noticed Robin
  2758 | D:3      | Killed Robin
  3164 | D:3      | Gained mutation: Your magical nature lets you fly swiftly
                  | and evasively. [Tengu growth]
  3164 | D:3      | Reached XP level 5. HP: 31/31 MP: 3/9
  3358 | D:3      | Noticed a black bear
  3390 | D:3      | Killed a black bear
  3873 | D:4      | Found a runed translucent door.
  3874 | D:4      | Noticed Crazy Yiuf
  3989 | D:4      | Reached XP level 6. HP: 37/37 MP: 7/10
  4163 | D:4      | Reached skill level 6 in Air Magic
  4200 | D:4      | Noticed Sigmund
  4220 | D:4      | Killed Sigmund
  4221 | D:4      | Reached skill level 5 in Conjurations
  4328 | D:4      | Noticed Blork the orc
  4336 | D:4      | Killed Blork the orc
  4337 | D:4      | Reached XP level 7. HP: 13/42 MP: 5/11
  4575 | D:4      | Killed Crazy Yiuf
  4723 | D:5      | Entered Level 5 of the Dungeon
  4833 | D:5      | Learned a level 4 spell: Airstrike
  4851 | D:5      | Found a white marble altar of Elyvilon.
  4878 | D:5      | Reached skill level 7 in Air Magic
  5330 | D:5      | Found a radiant altar of Vehumet.
  5334 | D:5      | Found a staircase to the Ecumenical Temple.
  5348 | Temple   | Entered the Ecumenical Temple
  5677 | Temple   | Became a worshipper of Ru the Awakened
  5721 | D:5      | Reached skill level 8 in Air Magic
  5721 | D:5      | Reached XP level 8. HP: 41/48 MP: 3/12
  6514 | D:6      | Reached skill level 5 in Fighting
  6693 | D:6      | Reached skill level 9 in Air Magic
  7313 | D:6      | Gained mutation: You cannot study or use magical devices.
                  | [Ru sacrifice]
  7313 | D:6      | Reached * piety under Ru
  7313 | D:6      | Reached ** piety under Ru
  7418 | D:6      | Reached skill level 10 in Air Magic
  7510 | D:6      | Noticed a hornet
  7515 | D:6      | Killed a hornet
  7516 | D:6      | Reached XP level 9. HP: 43/55 MP: 7/13
  8284 | D:7      | Noticed Prince Ribbit
  8423 | D:7      | Reached skill level 11 in Air Magic
  8473 | D:6      | Killed Prince Ribbit
  9522 | D:8      | Found Cuamicai's General Store.
  9573 | D:8      | Reached skill level 12 in Air Magic
  9629 | D:8      | Found Liwnaq's Magic Scroll Shoppe.
  9757 | D:8      | Bought a scroll of blinking for 105 gold pieces
  9810 | D:8      | Reached XP level 10. HP: 63/63 MP: 10/14
 10255 | D:8      | Gained mutation: You cannot train Armour skill. [Ru
                  | sacrifice]
 10255 | D:8      | Reached *** piety under Ru
 10631 | D:9      | Reached skill level 13 in Air Magic
 11073 | D:9      | Found Urghybus's Neck Hole.
 11089 | D:9      | Reached skill level 10 in Conjurations
 11438 | D:9      | Noticed Grum
 11448 | D:9      | Killed Grum
 11593 | D:9      | Reached skill level 14 in Air Magic
 12318 | D:9      | Found a staircase to the Orcish Mines.
 12793 | D:8      | Reached XP level 11. HP: 26/68 MP: 9/16
 13473 | D:9      | Found a staircase to the Orcish Mines.
 13699 | D:9      | Reached skill level 15 in Air Magic
 13925 | D:9      | Found Urghybus's Neck Hole.
 14293 | D:10     | Entered Level 10 of the Dungeon
 14299 | D:10     | Noticed Josephine
 14318 | D:10     | Killed Josephine
 14745 | D:10     | Identified the +6 scale mail "Waemm" {rF+ rC- Str+2}
 14980 | D:10     | Found a runed translucent door.
 15106 | D:10     | Noticed Erica
 15119 | D:10     | Killed Erica
 15120 | D:10     | Reached skill level 1 in Shields
 15694 | D:11     | Noticed a boulder beetle
 15697 | D:11     | Found Wiamuk's Distillery.
 15763 | D:10     | Killed a boulder beetle
 16183 | D:11     | Bought a potion of heal wounds for 75 gold pieces
 16206 | D:11     | Reached skill level 16 in Air Magic
 16443 | D:11     | Found Tyapneic's Assorted Antiques.
 16668 | D:11     | Found Kutt's Armour Emporium.
 16707 | D:11     | Noticed a death yak
 16707 | D:11     | Noticed a death yak
 16708 | D:11     | Noticed a death yak
 17169 | D:11     | Found a staircase to the Lair.
 17178 | Lair:1   | Entered Level 1 of the Lair of Beasts
 17191 | Lair:1   | Reached skill level 5 in Spellcasting
 17459 | Lair:1   | Reached XP level 12. HP: 8/76 MP: 12/20
 17819 | Lair:1   | Noticed a seven-headed hydra
 18317 | D:12     | Identified the +1 pair of gloves of Voyteun {Int+4 Stlth+}
 18421 | D:12     | Noticed a two-headed ogre
 18460 | D:12     | Killed a two-headed ogre
 18461 | D:12     | Reached skill level 17 in Air Magic
 19191 | D:12     | Reached skill level 10 in Fighting
 19490 | D:13     | Noticed a boulder beetle
 19497 | D:13     | Noticed a boulder beetle
 19894 | D:13     | Noticed a centaur warrior
 19896 | D:13     | Noticed a five-headed hydra
 19902 | D:13     | Killed a centaur warrior
 19902 | D:13     | HP: 2/76 [five-headed hydra (7)]
 20162 | D:11     | Reached skill level 5 in Shields
 20569 | D:11     | Gained mutation: You are somewhat unskilled. (-1 Apt) [Ru
                  | sacrifice]
 20569 | D:11     | Reduced skill Stealth to level 1
 20569 | D:11     | Reduced skill Conjurations to level 10
 20569 | D:11     | Reduced skill Air Magic to level 16
 20569 | D:11     | Reached **** piety under Ru
 20569 | D:11     | Reached ***** piety under Ru
 20655 | D:11     | Found Haxaago's Armour Boutique.
 22037 | D:10     | Killed a death yak
 22578 | D:11     | Found Wiamuk's Distillery.
 22619 | D:11     | Found Kutt's Armour Emporium.
 22631 | D:11     | Found a staircase to the Lair.
 22831 | D:11     | Found Haxaago's Armour Boutique.
 22847 | D:11     | Found Tyapneic's Assorted Antiques.
 23038 | D:11     | Mangled by a death yak

Illustrated notes

Levels and vault maps discovered:
D:1:      co_arrival_random_square_maze, layout_loops_ring
D:2:      layout_loops_corners, minmay_misc_feat_room, corexii_corridor_pit
D:3:      layout_loops_ring, serial_undead, serial_undead_a, serial_undead_b,
          serial_undead_e, serial_undead_e, serial_undead_e, serial_undead_b,
          uniq_robin
D:4:      layout_cave_pools, chequers_serial_rivers_large_a, uniq_sigmund,
          uniq_crazy_yiuf_cottage, uniq_blork_the_orc
D:5:      layout_loops_cross, nicolae_elyvilon_peaceful_grove,
          mainiacjoe_overflow_boulevard, minmay_temple_entry_overgrown
D:6:      kennysheep_six_static_rooms, layout_basic, serial_glass,
          glass_columns_b, glass_columns_b
D:7:      layout_cave_pools, uniq_prince_ribbit1
D:8:      layout_cave_pods, serial_shops, shop, nicolae_shop_trees,
          chequers_serial_rivers_micro_a
D:9:      layout_roguey, kennysheep_orc_monster_closet_entryway,
          amcnicky_mini_corridor_feature, nicolae_shop_sticking_my_neck_out,
          uniq_grum
D:10:     layout_basic, lightli_church_of_beogh, uniq_erica, uniq_josephine
D:11:     layout_grid_maze, dpeg_lair_monsters, serial_shops, shop,
          nicolae_shop_waterfront, nicolae_take_the_stairs, shop, minivault_1
D:12:     layout_stronghold
D:13:     layout_long_grid, david_vaults_5, minmay_misc_feat_doors,
          nemelex_diamond_rough_becter
Temple:   mainiacjoe_temple_cubbyholes
Lair:1:   layout_gridlike, minmay_shattered_shrine

Skill      XL: |  1  2  3  4  5  6  7  8  9 10 11 12 |
---------------+-------------------------------------+-----
Conjurations   | 2 3 4 5 6 7 9 11 10 | 10.1
Fighting       | 1 2 3 4 5 7 8 9 9 |  9.5
Air Magic      | 5 6 8 10 12 14 16 16 | 16.7
Spellcasting   | 3 5 4 |  4.7
Shields        | 3 4 |  4.8
Stealth        | 1 |  1.7
Dodging        | |  2.0

Action                   |  1- 3 |  4- 6 |  7- 9 | 10-12 || total
-------------------------+-------+-------+-------+-------++-------
Melee: Unarmed           |     7 |       |       |       ||     7
       Kick              |     3 |     4 |    17 |    50 ||    74
       Peck              |     2 |       |    13 |    35 ||    50
       Dagger            |     4 |    13 |    34 |       ||    51
       Punch             |       |       |     1 |     1 ||     2
       Short sword       |       |       |    13 |   143 ||   156
 Cast: Shock             |    86 |    70 |   201 |   109 ||   466
       Static Discharge  |       |     7 |    43 |   237 ||   287
       Airstrike         |       |       |     8 |    17 ||    25
Invok: Sacrifice Artific |       |       |     1 |       ||     1
       Draw Out Power    |       |       |       |     7 ||     7
       Sacrifice Durabil |       |       |       |     1 ||     1
       Reject Sacrifices |       |       |       |     1 ||     1
       Apocalypse        |       |       |       |     1 ||     1
       Sacrifice Skill   |       |       |       |     1 ||     1
  Use: Scroll            |       |    16 |     6 |     6 ||    28
       Potion            |       |       |       |     7 ||     7
Armor: Robe              |     4 |     3 |    15 |       ||    22
       Ring mail         |       |       |    20 |   194 ||   214
Dodge: Dodged            |     8 |    17 |    89 |   287 ||   401
Block: Buckler           |       |       |       |    62 ||    62

Table legend: (Time is in decaauts)
 A = Elapsed time spent in this place.
 B = Non-inter-level travel time spent in this place.
 C = Inter-level travel time spent in this place.
 D = Time resting spent in this place.
 E = Time spent auto-exploring this place.
 F = Levels seen in this place.
 G = Mean time per level.
                   A        B        C        D        E       F      G
               +--------+--------+--------+--------+--------+-----+--------+
         Total |  22067 |  21431 |    636 |   3148 |  15311 |  15 | 1471.1 |
       Dungeon |  21091 |  20512 |    579 |   2727 |  14933 |  13 | 1622.4 |
        Temple |    320 |    264 |     56 |      0 |    260 |   1 |  320.0 |
          Lair |    655 |    655 |      0 |    421 |    118 |   1 |  655.0 |
               +--------+--------+--------+--------+--------+-----+--------+

Top non-repeatable levels by time:
    D:10: 3117 daAuts
     D:9: 2486 daAuts
    D:11: 2404 daAuts
     D:6: 2098 daAuts
    D:12: 1927 daAuts
     D:8: 1914 daAuts
     D:2: 1289 daAuts
     D:3: 1286 daAuts
     D:5: 1179 daAuts
     D:1: 1113 daAuts
     D:7: 1030 daAuts
     D:4: 1016 daAuts
  Lair:1: 655 daAuts
  Temple: 320 daAuts
    D:13: 227 daAuts
